Cogmind - Beta 13 @@@ ROGUE MODE // 2024.04.16 @ 16:46:08 Player: Barbarossa Result: Destroyed by P-60 Hacker with Shock Rifle Performance ------------- Evolutions (4) 2000 Regions Visited (7) 1400 Robots Destroyed (51) 255 Value Destroyed (1663) 1663 Prototype IDs (24) 480 Alien Tech Used (0) 0 Bonus (300) 300 TOTAL SCORE: 6098 Bonus ------- Aligned with FarCom 300 Cogmind --------- Core Integrity 0/850 Matter 53/300 Energy 9/100 System Corruption 4% Temperature Cool (0) Movement Core (50) Location -6/Factory Parts ------- > --- POWER (2) -------- (None) > --- PROPULSION (5) --- (None) > --- UTILITY (5) ------ Improved Targeting Computer Transmission Jammer > --- WEAPON (3) ------- (None) > --- INVENTORY (5) ---- Deuterium Engine Advanced Weapon Cycler AWS/Autocannon Peak State ------------ > --- POWER ------------ Deuterium Engine Deuterium Engine > --- PROPULSION ------- Light Treads Light Treads Armored Treads Armored Treads Armored Treads > --- UTILITY ---------- Improved Cooling System Huge Storage Unit Visual Processing Unit Improved Targeting Computer Advanced Targeting Computer > --- WEAPON ----------- AWS/Autocannon > --- INVENTORY -------- Deuterium Engine Deuterium Engine Nuclear Core Improved Deuterium Engine Disposable Heat Sink Matter Filter Advanced Weapon Cycler Advanced Weapon Cycler Hardened Light Armor Plating Hardened Light Armor Plating System Shield Flak Gun Gauss Cannon Grenade Launcher [Rating: 64] Favorites ----------- Power Deuterium Engine Engine Deuterium Engine Power Core Nuclear Core Propulsion Light Treads Treads Light Treads Leg Aluminum Leg Utility Small Storage Unit Device Improved Cooling System Storage Small Storage Unit Processor Improved Targeting Computer Protection Hardened Light Armor Plating Weapon Assault Rifle Energy Gun High-powered Shock Rifle Ballistic Gun Assault Rifle Ballistic Cannon AWS/Autocannon Launcher Grenade Launcher Build | -11 -10 -10 -10 -9 -8 -7 -6 ------- Run | Yrd Mat Min Exi Min Mat Fac Fac Slots Evolved 8 | . . . . . 4 2 2 Power 1 | . . . . . 1 . . Propulsion 3 | . . . . . 1 1 1 Utility 3 | . . . . . 1 1 1 Weapon 1 | . . . . . 1 . . Parts Attached 42 | 3 1 . 3 1 9 11 14 Power 9 | . . . . 1 3 3 2 Engine 8 | . . . . 1 3 2 2 Core 1 | . . . . . . 1 . Reactor . | . . . . . . . . Propulsion 9 | 2 . . . . 2 3 2 Treads 9 | 2 . . . . 2 3 2 Leg . | . . . . . . . . Wheel . | . . . . . . . . Hover . | . . . . . . . . Flight . | . . . . . . . . Utility 14 | . 1 . 1 . 3 4 5 Device 5 | . . . . . . 3 2 Storage 4 | . 1 . 1 . 1 1 . Processor 3 | . . . . . 2 . 1 Hackware . | . . . . . . . . Protection 2 | . . . . . . . 2 Artifact . | . . . . . . . . Weapon 10 | 1 . . 2 . 1 1 5 Energy Gun 1 | . . . . . . . 1 Energy Cannon . | . . . . . . . . Ballistic Gun 4 | 1 . . 2 . . . 1 Ballistic Cannon 4 | . . . . . 1 1 2 Launcher 1 | . . . . . . . 1 Special Weapon . | . . . . . . . . Impact Weapon . | . . . . . . . . Slashing Weapon . | . . . . . . . . Piercing Weapon . | . . . . . . . . Special Melee Weapon . | . . . . . . . . Unidentified Prototypes 1 | . . . 1 . . . . Parts Lost 15 | . . . . . 1 . 14 Power 3 | . . . . . 1 . 2 Propulsion 4 | . . . . . . . 4 Utility 4 | . . . . . . . 4 Weapon 4 | . . . . . . . 4 Highest Loss Streak 13 | . . . . . 1 . 13 To Critical Strikes . | . . . . . . . . Average Slot Usage (%) 85 | . 86 100 96 85 70 84 75 Engine 13 | . 14 14 14 14 17 11 10 Treads 27 | . 28 28 28 28 20 30 26 Device 2 | . . . . . . 7 4 Storage 13 | . 15 28 24 14 9 7 5 Processor 7 | . . . . . 14 15 18 Ballistic Gun 14 | . 28 28 28 28 . . 2 Ballistic Cannon 3 | . . . . . 9 7 4 Naked Turns . | . . . . . . . . Heaviest Build 160 | 12 14 14 16 14 80 160 160 Greatest Support 100 | 40 40 40 40 40 60 80 100 Greatest Overweight (x) 11 | . . . . . 1 1 11 Average Overweight (x) . | . . . . . 1 1 . Largest Inventory Capacity 25 | 8 8 8 8 8 10 25 25 Average Capacity 12 | 8 8 8 8 8 8 19 21 Most Carried 19 | 6 8 8 8 8 9 17 19 Average Carried 9 | 6 7 8 7 8 7 10 12 Final Capacity 25 | 8 8 8 8 8 10 25 5 Final Carried 16 | 6 8 8 8 8 9 16 5 Class Distribution -------------------- 53% | Mutant 25% | Scavenger-Skirmisher 10% | Skirmisher 5% | Scavenger-Gunner 4% | Scavenger-Mutant Dominant Class ---------------- Mutant | -10/Materials Mutant | -10/Mines Mutant | -10/Exiles Mutant | -9/Mines Skirmisher | -8/Materials Scavenger-Skirmisher | -7/Factory Scavenger-Gunner | -6/Factory Resources | -11 -10 -10 -10 -9 -8 -7 -6 ----------- Run | Yrd Mat Min Exi Min Mat Fac Fac Matter Collected 601 | 189 . . . 57 162 106 87 Remotely . | . . . . . . . . Salvage Created 1226 | . . . . 57 447 378 344 Parts 84 | . . . . 9 35 27 13 Haulers Intercepted . | . . . . . . . . Recyclers Shooed 2 | . . . . . . 1 1 Parts Field Recycled . | . . . . . . . . Retrieved Matter . | . . . . . . . . Parts Self-Destructed . | . . . . . . . . Prevented . | . . . . . . . . Kills | -11 -10 -10 -10 -9 -8 -7 -6 ------- Run | Yrd Mat Min Exi Min Mat Fac Fac Combat Hostiles Destroyed 38 | . . . . 4 13 9 12 Guns 7 | . . . . 4 . . 3 Cannons 29 | . . . . . 13 9 7 AOE 2 | . . . . . . . 2 Classes Destroyed 12 | . . . . 1 6 3 2 Worker 4 | . . . . . . . 4 Builder 1 | . . . . . . . 1 Recycler 1 | . . . . . 1 . . Operator 1 | . . . . . . 1 . Watcher 6 | . . . . . 4 2 . Swarmer 16 | . . . . 4 6 . 6 Grunt 7 | . . . . . 2 . 5 Sentry 4 | . . . . . 2 2 . Specialist 4 | . . . . . 2 2 . Hunter 2 | . . . . . . 2 . Programmer 3 | . . . . . . 2 1 Heavy 2 | . . . . . 1 1 . Best Kill Streak 9 | . . . . 4 9 4 5 Combat Bots Only 8 | . . . . 4 8 4 3 Max Kills in Single Turn 2 | . . . . 1 1 1 2 Gunslinging . | . . . . . . . . Exploded 1 | . . . . . . . 1 Melee . | . . . . . . . . Uniques/NPCs Destroyed . | . . . . . . . . Combat | -11 -10 -10 -10 -9 -8 -7 -6 -------- Run | Yrd Mat Min Exi Min Mat Fac Fac Hostile Shots Fired 296 | . . . . 13 61 32 190 Missed 93 | . . . . 3 27 7 56 Damage Taken 3584 | . . . . 77 442 337 2728 Core 977 | . . . . 47 59 15 856 Absorbed by Shields . | . . . . . . . . Core Remaining (%) 91 | 100 . . . 81 89 97 . Volleys Fired 40 | . 2 . . 6 . . 32 Largest 2 | . 2 . . 2 . . 2 Hottest 76 | . 40 . . 40 . . 76 Shots Fired 148 | . 4 . . 12 47 22 63 Gun 42 | . 4 . . 12 . . 26 Cannon 102 | . . . . . 47 22 33 Launcher 4 | . . . . . . . 4 Special . | . . . . . . . . Kinetic 143 | . 4 . . 12 47 22 58 Thermal . | . . . . . . . . Explosive 4 | . . . . . . . 4 Electromagnetic 1 | . . . . . . . 1 Robot Hit Streak 18 | . 1 . . 4 10 18 15 Robot Miss Streak 4 | . 2 . . 2 4 1 3 Penetration Max . | . . . . . . . . Secondary Targets 2 | . . . . 2 . . . Max Gunslinging Chain 1 | . . . . 1 . . . Autonomous 78 | . . . . . 47 22 9 Shots Hit Robots 108 | . 1 . . 7 29 21 50 Core Hits 78 | . . . . 4 12 8 54 Critical Kills . | . . . . . . . . Critical Parts Destroyed . | . . . . . . . . Critical Strikes 8 | . . . . . 2 2 4 Blast 8 | . . . . . 2 2 4 Melee Attacks . | . . . . . . . . Impact . | . . . . . . . . Slashing . | . . . . . . . . Piercing . | . . . . . . . . Sneak Attacks . | . . . . . . . . Combat Hostiles . | . . . . . . . . Follow-up Attacks . | . . . . . . . . Damage Inflicted 6485 | . 12 . . 94 2418 1870 2091 Guns 549 | . 12 . . 94 . . 443 Cannons 5492 | . . . . . 2418 1850 1224 Explosions 394 | . . . . . . . 394 Melee . | . . . . . . . . Ramming 50 | . . . . . . 20 30 Kinetic 6036 | . 12 . . 94 2418 1850 1662 Thermal . | . . . . . . . . Explosive 394 | . . . . . . . 394 Electromagnetic 5 | . . . . . . . 5 Impact . | . . . . . . . . Slashing . | . . . . . . . . Piercing . | . . . . . . . . Highest Corruption 3 | . . . . . . . 3 Average Corruption 2 | . . . . . . . 2 Corruption Purged . | . . . . . . . . Corruption Blocked . | . . . . . . . . Overload Shots . | . . . . . . . . Overflow Damage 937 | . . . . . 375 405 157 Projectiles 936 | . . . . . 375 405 156 Explosions 1 | . . . . . . . 1 Melee . | . . . . . . . . Knockbacks 25 | . . . . . 8 4 13 Impact . | . . . . . . . . Kinetic 23 | . . . . . 7 4 12 Secondary 2 | . . . . . 1 . 1 Self-Inflicted Damage 17 | . . . . . . . 17 Shots 1 | . . . . . . . 1 Rammed 17 | . 1 . . . . 1 15 Targets Rammed 17 | . 1 . . . . 1 15 Kicked . | . . . . . . . . Crushed . | . . . . . . . . Highest Temperature 105 | . . . . . . . 105 Average Temperature 46 | . . . . . . . 46 Received Heat Transfer 501 | . . . . . 27 33 441 Siege Activations . | . . . . . . . . Robots Corrupted . | . . . . . . . . Combat Hostiles . | . . . . . . . . Parts Fried 1 | . . . . . 1 . . Impact Corruptions 1 | . . . . . 1 . . Robots Melted . | . . . . . . . . Combat Hostiles . | . . . . . . . . Parts Melted . | . . . . . . . . Heat Transferred . | . . . . . . . . Parts Sabotaged . | . . . . . . . . Parts Stolen . | . . . . . . . . Parts Stripped . | . . . . . . . . Power Chain Reactions . | . . . . . . . . Alert | -11 -10 -10 -10 -9 -8 -7 -6 ------- Run | Yrd Mat Min Exi Min Mat Fac Fac Peak Influence 311 | . 35 13 . 90 273 311 258 Initial 123 | . . 13 . . . 123 37 Average 90 | . 16 13 . 25 137 103 135 Maximum Alert Level 1 | . . . . . 1 1 1 Low Security (%) 92 | 100 100 100 . 100 75 95 85 Level 1 7 | . . . . . 24 4 14 Level 2 . | . . . . . . . . Level 3 . | . . . . . . . . Level 4 . | . . . . . . . . Level 5 . | . . . . . . . . High Security . | . . . . . . . . Max Security . | . . . . . . . . Squads Dispatched 15 | . 2 . . . 3 4 6 Investigation 1 | . . . . . . . 1 Extermination 3 | . . . . . . 2 1 Reinforcement 11 | . 2 . . . 3 2 4 Assault . | . . . . . . . . Garrison . | . . . . . . . . Intercept . | . . . . . . . . Searches Triggered . | . . . . . . . . Construction Impeded 2 | . . . . . . . 2 Haulers Reinforced 1 | . . . . . . . 1 Active Scanning Responses . | . . . . . . . . Cargo Convoy Interrupts . | . . . . . . . . Stealth | -11 -10 -10 -10 -9 -8 -7 -6 --------- Run | Yrd Mat Min Exi Min Mat Fac Fac Distress Signals 3 | . . . . . 2 . 1 Communications Jammed . | . . . . . . . . Distress Signals . | . . . . . . . . Times Spotted 52 | . 3 . . 4 17 11 17 Peak Tracking Total 9 | . 3 . . 3 9 2 8 Tactical Retreats 5 | . . . . . 1 . 4 Traps | -11 -10 -10 -10 -9 -8 -7 -6 ------- Run | Yrd Mat Min Exi Min Mat Fac Fac Traps Triggered 2 | . . . . . . . 2 Indirectly . | . . . . . . . . Trap Hack Attempts . | . . . . . . . . Triggered . | . . . . . . . . Disarmed . | . . . . . . . . Reprogrammed . | . . . . . . . . Reused . | . . . . . . . . Traps Extracted . | . . . . . . . . Installed . | . . . . . . . . Triggered . | . . . . . . . . Machines | -11 -10 -10 -10 -9 -8 -7 -6 ---------- Run | Yrd Mat Min Exi Min Mat Fac Fac Machines Disabled 2 | . . . . . 1 1 . Max in Single Turn 1 | . . . . . 1 1 . Machines Repaired . | . . . . . . . . Machines Dismantled . | . . . . . . . . Machines Sabotaged . | . . . . . . . . Overloaded Fab Kills . | . . . . . . . . Hacking | -11 -10 -10 -10 -9 -8 -7 -6 --------- Run | Yrd Mat Min Exi Min Mat Fac Fac Machines Accessed 17 | . 1 . 5 . 1 7 3 Terminals 7 | . 1 . . . 1 4 1 Fabricators 2 | . . . . . . . 2 Repair Stations . | . . . . . . . . Recycling Units 1 | . . . . . . 1 . Scanalyzers 2 | . . . . . . 2 . Garrison Access . | . . . . . . . . Total Hacks 76 | . 2 . 50 . 4 15 5 Successful 63 | . 1 . 50 . 2 6 4 Failed 13 | . 1 . . . 2 9 1 Catastrophic 1 | . . . . . . 1 . Database Lockouts . | . . . . . . . . Manual 15 | . 2 . 4 . 1 7 1 Terminals 18 | . 2 . . . 4 9 3 Fabricators 2 | . . . . . . . 2 Repair Stations . | . . . . . . . . Recycling Units 3 | . . . . . . 3 . Scanalyzers 3 | . . . . . . 3 . Garrison Access . | . . . . . . . . Terminal Hacks 54 | . . . 50 . 1 1 2 Record 51 | . . . 49 . . . 2 Open DSF 1 | . . . . . . 1 . Terminal Index 1 | . . . . . 1 . . Derelict Proto ID Bank 1 | . . . 1 . . . . Fabricator Hacks 1 | . . . . . . . 1 Build 1 | . . . . . . . 1 Repair Station Hacks . | . . . . . . . . Recycling Unit Hacks 1 | . . . . . . 1 . Report Inventory 1 | . . . . . . 1 . Scanalyzer 2 | . . . . . . 2 . Insert Component 2 | . . . . . . 2 . Garrison Access Hacks . | . . . . . . . . Unauthorized Hacks 5 | . 1 . . . 1 2 1 Terminals 5 | . 1 . . . 1 2 1 Botnet 5 | . 1 . . . 1 2 1 Fabricators . | . . . . . . . . Repair Stations . | . . . . . . . . Recycling Units . | . . . . . . . . Scanalyzers . | . . . . . . . . Garrison Access . | . . . . . . . . Data Cores Recovered 1 | . . . . . . 1 . Used . | . . . . . . . . Hacking Detections 10 | . 1 . . . 1 5 3 Full Trace Events 1 | . . . . . . . 1 Feedback Events . | . . . . . . . . Feedback Blocked . | . . . . . . . . Robot Schematics Acquired . | . . . . . . . . Robots Built . | . . . . . . . . Authchips . | . . . . . . . . Time . | . . . . . . . . Total Robot Build Rating . | . . . . . . . . Part Schematics Acquired . | . . . . . . . . Parts Built 2 | . . . . . . . 2 Authchips . | . . . . . . . . Time 42 | . . . . . . . 42 Total Part Build Rating 16 | . . . . . . . 16 Parts Repaired . | . . . . . . . . Time . | . . . . . . . . Parts Recycled . | . . . . . . . . Recycled Matter . | . . . . . . . . Retrieved Matter . | . . . . . . . . Retrieved Components . | . . . . . . . . Parts Scanalyzed 1 | . . . . . . 1 . Part Schematics Acquired . | . . . . . . . . Parts Damaged 1 | . . . . . . 1 . Bothacking | -11 -10 -10 -10 -9 -8 -7 -6 ------------ Run | Yrd Mat Min Exi Min Mat Fac Fac Used RIF Installer . | . . . . . . . . Robots Hacked . | . . . . . . . . Non-combat . | . . . . . . . . Combat . | . . . . . . . . Robot Hacks Applied . | . . . . . . . . Relay Couplers Released . | . . . . . . . . Fabnet Peak Effective % . | . . . . . . . . Robots Rewired . | . . . . . . . . Allies Hacked . | . . . . . . . . Hacks Repelled . | . . . . . . . . Allies | -11 -10 -10 -10 -9 -8 -7 -6 -------- Run | Yrd Mat Min Exi Min Mat Fac Fac Total Allies . | . . . . . . . . Largest Group . | . . . . . . . . Highest-Rated Group . | . . . . . . . . Highest-Rated Ally . | . . . . . . . . Total Orders . | . . . . . . . . Ally Attacks . | . . . . . . . . Total Damage . | . . . . . . . . Kills . | . . . . . . . . Allies Corrupted . | . . . . . . . . Allies Melted . | . . . . . . . . Intel | -11 -10 -10 -10 -9 -8 -7 -6 ------- Run | Yrd Mat Min Exi Min Mat Fac Fac Robot Analysis Total . | . . . . . . . . Derelict Logs Recovered 1 | . . . . 1 . . . Drone Launches . | . . . . . . . . Drone Recoveries . | . . . . . . . . Exploration | -11 -10 -10 -10 -9 -8 -7 -6 ------------- Run | Yrd Mat Min Exi Min Mat Fac Fac Turns Passed 5356 | 5 138 71 1589 921 557 1391 684 Spaces Moved 2314 | 1 80 43 982 239 203 525 241 Core 119 | . . . . . . . 119 Treads 2195 | 1 80 43 982 239 203 525 122 Legs . | . . . . . . . . Wheels . | . . . . . . . . Hover . | . . . . . . . . Flight . | . . . . . . . . Fastest Speed 50 | 160 160 160 160 160 240 245 50 Average Speed 186 | 160 160 160 160 160 241 246 155 Slowest Speed 600 | 160 160 160 160 160 246 247 600 Overloaded Moves . | . . . . . . . . Propulsion Burnouts . | . . . . . . . . Robots Hopped . | . . . . . . . . Cave-ins Triggered . | . . . . . . . . Exploration Rate (%) 29 | 2 21 18 94 41 31 20 9 Regions Visited 7 Branch Regions 3 Pre-discovered Areas 2 | . . . 1 1 . . . Known Exits Taken . | . . . . . . . . Unknown Exits Taken 7 | 1 1 1 1 1 1 1 . Scrap Searched 1 | . . . . 1 . . . Spaces Dug . | . . . . . . . . Terrain Destroyed 34 | . . . . . 15 1 18 Melee . | . . . . . . . . Projectile 19 | . . . . . 15 1 3 AOE 15 | . . . . . . . 15 Terrain Rammed . | . . . . . . . . Walls Destroyed . | . . . . . . . . Machines Disabled . | . . . . . . . . Actions | -11 -10 -10 -10 -9 -8 -7 -6 --------- Run | Yrd Mat Min Exi Min Mat Fac Fac Total 3293 | 3 85 45 1002 766 271 627 494 Wait 812 | . . 3 4 520 47 62 176 Move 2307 | . 79 42 981 238 202 524 241 Hop . | . . . . . . . . Pick Up 36 | . 2 . 1 . 10 16 7 Fast Attach 7 | . 1 . 3 . . . 3 Attach 18 | . . . . . 6 3 9 Detach 2 | . . . . . . 1 1 Swap 17 | 3 . . . 1 3 8 2 Drop 31 | . . . 7 1 3 12 8 Fire 40 | . 2 . . 6 . . 32 Melee . | . . . . . . . . Ram 14 | . . . . . . . 14 Kick . | . . . . . . . . Crush 3 | . 1 . . . . 1 1 Escape Stasis . | . . . . . . . . Rewire 6 | . . . 6 . . . . Trap . | . . . . . . . . Miscellaneous . | . . . . . . . . Route ------- -11/Scrapyard -10/Materials -10/Mines -10/Exiles (discovered 2 exits: [*Min x2]) -9/Mines -8/Materials -7/Factory -6/Factory History --------- Turn | Location | Event 6 | -11/Scrapyard | Discovered new exit (range 0) 6 | -11/Scrapyard | Entered Materials 109 | -10/Materials | Discovered new exit (range 14) 144 | -10/Materials | Entered Mines 207 | -10/Mines | Deemed a non-threat by the Exiles lab entrance 208 | -10/Mines | Discovered new exit (range 5) 215 | -10/Mines | Entered Exiles 246 | -10/Exiles | Discovered new exit (range 15) 276 | -10/Exiles | Met 8R-AWN 299 | -10/Exiles | Met EX-HEX 312 | -10/Exiles | Build established: Mutant 424 | -10/Exiles | Met EX-DEC 471 | -10/Exiles | Learned location of Zion (-6) 546 | -10/Exiles | Discovered new exit (range 14) 639 | -10/Exiles | Met EX-BIN 846 | -10/Exiles | Visited The Gauntlet 1365 | -10/Exiles | Aligned with FarCom system 1367 | -10/Exiles | Given EX-Vault access code 1406 | -10/Exiles | Opened EX-Vault 1416 | -10/Exiles | Found Prototype Storage 1416 | -10/Exiles | Identified Superbattery 1454 | -10/Exiles | Found AWS/Autocannon 1492 | -10/Exiles | Warned to stay clear of 0b10 Research branches 1804 | -10/Exiles | Left Exiles lab with AWS/Autocannon 1804 | -10/Exiles | Entered Mines 2675 | -9/Mines | Discovered new exit (range 15) 2725 | -9/Mines | Entered Materials 2725 | -8/Materials | Evolved 4 slots: Power x1, Propulsion x1, Utility x1, Weapon x1 3030 | -8/Materials | Build established: Skirmisher 3193 | -8/Materials | Destroyed 8 combat bots 3274 | -8/Materials | Discovered new exit (range 3) 3282 | -8/Materials | Entered Factory 3282 | -7/Factory | Evolved 2 slots: Propulsion x1, Utility x1 3585 | -7/Factory | Build established: Scavenger-Skirmisher 4515 | -7/Factory | Discovered new exit (range 18) 4673 | -7/Factory | Entered another Factory area 4673 | -6/Factory | Evolved 2 slots: Propulsion x1, Utility x1 4819 | -6/Factory | Fabricated Adv. Weapon Cycler (x2) 4963 | -6/Factory | Build established: Scavenger-Gunner 5265 | -6/Factory | Core integrity fell below 50% 5304 | -6/Factory | Lost 13 parts (2p4n4u3w) 5311 | -6/Factory | Core integrity fell below 20% 5357 | -6/Factory | Destroyed by P-60 Hacker with Shock Rifle Last Messages --------------- 05269_ ALERT: Hostile activity reported, dispatching reinforcements to area. 05271_ G-50 Soldier destroyed. 05271_ Destroyed Wheel. 05271_ K-01 Serf destroyed. 05271_ ALERT: Construction progress impeded, dispatching reinforcements to local area. 05271_ Penetrated by Slug. 05271_ Grenade Launcher destroyed. 05273_ Acquired 7 matter. 05273_ Visual Processing Unit destroyed. 05273_ Adv. Targeting Computer destroyed. 05273_ Critical hit (Blast). 05273_ U-05 Engineer builds a Door. 05273_ Critical hit (Burn: +37). 05325_ Acquired Hpw. Shock Rifle. 05329_ Acquired Transmission Jammer. 05341_ Slammed into P-60 Hacker. 05348_ Hpw. Shock Rifle destroyed. 05349_ Slammed into P-60 Hacker. Map ----- +----------------------------------------------------+ | ????????????# """ """ #???? | | ????????????# "" "" #???? | | ????????????# "" "" #???? | | ????????????# #???? | | ????????????# #???? | | #########???#####+#+#####????? | | ######### #????? | | # """"" # #????? | | # "" F" + #????? | | # "" "" # #????? | | # # #????? | | # # ###????? | | # """"" # #??????? | | # """"" # #??????? | | # """ # ######## | | + + # # | | # """"" # # """ # | | # """"" # # """ # | | """"" # """ # # """ # | | """"" # ^ # # "" # | | """"" # """"" # # "" # | | """"" # """"" # + # | | + """ # #"" # | | # ? ? # #"" # | | ###????## #G p! # | | ### #???????# #""@= # | | ??# #???????# #"" # | | ??# #???????# # # | | ??# #???????# ######## | | ??# #???????# #??????? | | ??# #???????# #??????? | | ??# % #???????#n #??????? | | ????%[ ????????# #??????? | | ????????????????# #??????? | | ????????????????# #??????? | | ????????????????# #??????? | | ????????????????# #??????? | | ??? ??????????# #??????? | | ??? ????????# #??????? | | ??? #???????# #??????? | | ??# #???????# g #??????? | | ??# #???????# #???#### | | ??# #???????# #??? # | | ??# #???????# #?? # | | ??# #???????# #?? # | | ??# #???????# #? ? | | ### #???????# #? ? | | T # #???????# # """" ? | | #???????# # """" ? | | #???????+ + """" # | +----------------------------------------------------+ Best States ------------- Heat Dissipation 64 Energy Generation 25 Energy Capacity 1625 Matter Stores 300 Matter Capacity 400 Sight Range 18 Terrain Scan Density 10 Jamming Range 12 Armor Coverage 150 Evasion (%) 50 Targeting Accuracy 14 Recoil Reduction 5 Item Schematics ----------------- None Robot Schematics ------------------ None Fabricated ------------ Adv. Weapon Cycler | x2 | -6/Factory | Preloaded Alien Tech Used ----------------- None Achievements -------------- Safety First Challenges ------------ None Game ------ Seed HeartGrenadeModule Manual? 0 Play Time 00:35:05 Cumulative 100.6 hours Start 2024.04.16 @ 16:07:31 End 2024.04.16 @ 16:46:08 Sessions 1 Manual Loads 0 Difficulty Rogue Special Mode None Game No. 202 Rogue 202 Adventurer 0 Explorer 0 Win Type - Total 0 Types 0/0/0/0/0/0/0/0/0 Lore% 30 Gallery% 40 Achievement% 27 Wizard Run 0 Options --------- Layout 2 ASCII 0 Keyboard 0 Movement Mouse Keybinds 0 Fullscreen 1 Font 24/Smallcaps Map View 50x49 Zoom Use 0% Tactical HUD 1 Map Filters NONE Filters NONE Steam 1 RUN: d87f232d-ec8e-4fca-9e49-e36bc87b5555